 Dungeon Crawl Stone Soup version 0.31.0-11-ge490571c62 (webtiles) character file.

Game seed: 11563988889321021859

301 qw the Shooter (level 6, -4/30 HPs)
             Began as a Spriggan Hunter on Feb 4, 2024.
             Slain by an orc warrior
             ... wielding a +0 flail
              (13 damage)
             ... on level 7 of the Dungeon.
             The game lasted 00:00:09 (2529 turns).

qw the Shooter (Spriggan Hunter)                    Turns: 2529, Time: 00:00:10

Health: -4/30      AC:  2    Str:  7    XL:     6   Next: 14%
Magic:  7/7        EV: 20    Int: 11    God:
Gold:   174        SH:  0    Dex: 20    Spells: 5/5 levels left

rFire   + . .        a - +0 shortbow (drain)
rCold   . . .        (shield currently unavailable)
rNeg    . . .        c - +0 robe
rPois   .            (helmet restricted)
rElec   .            (no cloak)
rCorr   .            (gloves unavailable)
SInv    +            (boots unavailable)
Will    +....        l - amulet of faith
Stlth   ++           f - ring of protection from fire
HPRegen 0.25/turn    (no ring)
MPRegen 0.10/turn

%: faith
@: very quick
A: very small, no large weapons, unfitting armour, see invisible, speed 3
a: no special abilities


You were on level 7 of the Dungeon.
You visited 1 branch of the dungeon, and saw 5 of its levels.

You collected 174 gold pieces.


Innate Abilities, Weirdness & Mutations

You are very small and have problems with some larger weapons.
You are too small for most types of armour.
You have supernaturally acute eyesight. (SInv)
You cover ground extremely quickly. (Speed+++)


   Skills:
 - Level 2.2 Fighting
 - Level 6.3 Ranged Weapons
 + Level 5.0 Dodging
 - Level 1.5 Stealth


You had 5 spell levels left.
You didn't know any spells.
Your spell library was empty.

Inventory:

Hand Weapons
 a - a +0 shortbow of draining (weapon)
Armour
 c - a +0 robe (worn)
Jewellery
 f - a ring of protection from fire (left hand)
 l - an amulet of faith (around neck)
Wands
 d - a wand of roots (9)
 g - a wand of flame (8)
Scrolls
 h - a scroll of acquirement {unknown}
 i - a scroll of teleportation
Potions
 b - a potion of heal wounds
 e - a potion of resistance
 m - a potion of might
 n - a potion of degeneration {unknown}
 o - a potion of curing {unknown}

Dungeon Overview and Level Annotations

Branches:
Dungeon (7/15)
 Temple: D:4-7

Altars:

Shops:
D:2 :


Message History

You hear a shout!
You shoot an arrow. The arrow hits the orc!
You kill the orc!
You shoot an arrow. The arrow hits the orc.
You drain the orc.
The orc is heavily wounded.
The orc misses you.
You shoot an arrow. The arrow hits the orc.
You kill the orc!
An orc warrior comes into view. It is wielding a +0 flail.
You shoot an arrow. The arrow hits the orc warrior.
The orc warrior is lightly wounded.
You shoot an arrow.
The arrow hits the orc warrior but does no damage.
You drain the orc warrior.
The orc warrior is lightly wounded.
The orc warrior completely misses you.
You shoot an arrow.
The arrow closely misses the orc warrior.
An orc wizard comes into view. It is wielding a +0 dagger.
The orc warrior hits you with a +0 flail.
You shoot an arrow. The arrow hits the orc warrior.
You drain the orc warrior.
The orc warrior is moderately wounded.
You shoot an arrow. The arrow hits the orc warrior.
The orc warrior is heavily wounded.
You hear a shout!
An orc wizard comes into view. It is wielding a +0 dagger.
The orc warrior completely misses you.
You shoot an arrow.
The arrow completely misses the orc warrior.
The orc wizard casts a spell at you. You resist with almost no effort.
The orc warrior hits you with a +0 flail!
You shoot an arrow.
The arrow barely misses the orc warrior.
The orc warrior hits you with a +0 flail!
You shoot an arrow.
The arrow barely misses the orc warrior.
The orc wizard misses you.
The orc warrior hits you with a +0 flail!
You die...

...........>.##.....#..#..#
##....#.##...###...##.8#..#
..###.#.#.....###%###..#..#
. #.............# #..#..#
#.###.....##### #..#.## ..
#....## #..#.# .. )...#.##
######8.### .##.#.#
#....8}.# . ..#.# #@o8....#
.. #. #o####### #o. #)##
##. #


You could see an orc warrior (very drained) and 2 orc wizards.

Vanquished Creatures
  A sky beast (D:7)
  A bombardier beetle (D:3)
  Natasha (thrice) (D:2)
  3 adders (D:2)
  A ribbon worm (D:2)
  A dart slug (D:3)
  2 orcs (D:7)
  7 ball pythons
  3 endoplasms
  5 giant cockroaches
  6 goblins
  8 hobgoblins
  9 kobolds
  A quokka (D:1)
  9 bats
  3 frilled lizards
  5 rats
68 creatures vanquished.

Notes
Turn   | Place    | Note
-------+----------+-------------------------------------------
     0 | D:1      | qw the Spriggan Hunter began the quest for the Orb.
     0 | D:1      | Reached XP level 1. HP: 10/10 MP: 2/2
     0 | D:1      | 0 ||| qw: Version: 0.3-a-160-g6735b56
     0 | D:1      | 0 ||| qw: Game counter: 5224
     0 | D:1      | 0 ||| qw: Melee chars always use a shield: true
     0 | D:1      | 0 ||| qw: God list: Okawaru
     0 | D:1      | 0 ||| qw: Allow faded altars: false
     0 | D:1      | 0 ||| qw: Do Orc after clearing Dungeon:15 true
     0 | D:1      | 0 ||| qw: Do second Lair branch before Depths: true
     0 | D:1      | 0 ||| qw: Lair rune preference: random
     0 | D:1      | 0 ||| qw: Goals: Normal
     0 | D:1      | 0 ||| PLANNING D:1-11
    69 | D:1      | Reached skill level 3 in Dodging
   177 | D:1      | Reached XP level 2. HP: 14/14 MP: 3/3
   643 | D:1      | 643 ||| READING scroll labelled NIACES KICI.
   643 | D:1      | 643 ||| IDENTIFYING golden potion
   644 | D:1      | 644 ||| DROPPING scroll of butterflies.
   669 | D:2      | Reached XP level 3. HP: 18/18 MP: 4/4
   745 | D:2      | Found Pantaf's Vocational Training.
   774 | D:2      | Noticed Natasha
   787 | D:2      | Killed Natasha
   788 | D:2      | Reached skill level 5 in Ranged Weapons
   788 | D:2      | Reached XP level 4. HP: 8/22 MP: 5/5
   816 | D:2      | 816 ||| FLEEEEING.
   817 | D:2      | 817 ||| FLEEEEING.
   820 | D:2      | 820 ||| FLEEEEING.
   822 | D:2      | 822 ||| FLEEEEING.
   823 | D:2      | 823 ||| FLEEEEING.
  1038 | D:2      | Noticed Natasha
  1048 | D:2      | Killed Natasha
  1178 | D:2      | Noticed Natasha
  1183 | D:2      | 1183 ||| FLEEEEING.
  1184 | D:2      | 1184 ||| FLEEEEING.
  1185 | D:2      | 1185 ||| FLEEEEING.
  1186 | D:2      | 1186 ||| FLEEEEING.
  1187 | D:2      | 1187 ||| FLEEEEING.
  1188 | D:2      | 1188 ||| FLEEEEING.
  1190 | D:2      | 1190 ||| FLEEEEING.
  1192 | D:2      | 1192 ||| FLEEEEING.
  1193 | D:2      | 1193 ||| FLEEEEING.
  1195 | D:2      | 1195 ||| FLEEEEING.
  1197 | D:2      | 1197 ||| FLEEEEING.
  1198 | D:2      | 1198 ||| FLEEEEING.
  1199 | D:2      | 1199 ||| FLEEEEING.
  1202 | D:2      | Killed Natasha
  1203 | D:2      | Reached XP level 5. HP: 11/26 MP: 6/6
  1288 | D:2      | 1288 ||| UPGRADING to ring of protection from fire.
  1289 | D:2      | 1289 ||| READING scroll labelled XUDACO MUD.
  1289 | D:2      | 1289 ||| BRANDING +0 shortbow.
  2196 | D:3      | 2196 ||| UPGRADING to amulet of faith.
  2201 | D:3      | 2201 ||| READING 2 scrolls of identify.
  2201 | D:3      | 2201 ||| IDENTIFYING metallic sapphire potion
  2202 | D:3      | 2202 ||| READING scroll of identify.
  2202 | D:3      | 2202 ||| IDENTIFYING viscous puce potion
  2203 | D:3      | 2203 ||| READING 2 scrolls labelled GITRUIREONG.
  2207 | D:3      | 2207 ||| READING scroll labelled GEEFAK NUMP.
  2254 | D:3      | 2254 ||| READING scroll labelled DOMNUD LUSMO.
  2255 | D:3      | 2255 ||| READING scroll labelled WUAGOE NUPLACW.
  2257 | D:3      | 2257 ||| Stepping ~*~*~tactically~*~*~ (cloud).
  2265 | D:3      | HP: 6/26 [poisoned by you (poison gas)]
  2415 | D:4      | You fall into a shaft and drop 3 floors!
  2436 | D:7      | Noticed a sky beast
  2441 | D:7      | Killed a sky beast
  2442 | D:7      | Reached skill level 6 in Ranged Weapons
  2442 | D:7      | Reached XP level 6. HP: 21/30 MP: 7/7
  2520 | D:7      | Noticed an orc warrior
  2529 | D:7      | Slain by an orc warrior

Levels and vault maps discovered:
D:1:      dpeg_arrival_round_b, layout_loops_cross
D:2:      layout_rooms, nicolae_shop_vocational, uniq_natasha
D:3:      layout_basic
D:4:      layout_cave_pools, eino_tiny_chamber, minmay_checkerbox
D:7:      layout_loops_ring, mainiacjoe_overflow_catwalk,
          minmay_temple_entry_large_hall, chequers_decorated_corner,
          uniq_crazy_yiuf_cottage, uniq_maurice

Skill      XL: |  1  2  3  4  5 |
---------------+----------------+-----
Dodging        | 3 4 5 |  5.0
Ranged Weapons | 5 6 |  6.3
Fighting       | 2 |  2.2
Stealth        | |  1.5

Action                     |  1- 3 |  4- 6 || total
---------------------------+-------+-------++-------
   Fire: Shortbow          |    90 |    96 ||   186
    Use: Scroll            |     1 |     7 ||     8
 Armour: Robe              |     8 |    11 ||    19
  Dodge: Dodged            |    18 |    20 ||    38

Table legend:
 A = Non-vault XP
 B = Vault XP
 C = Vault XP percentage of total XP
 D = Non-vault monster count
 E = Vault monster count
 F = Vault count percentage of total count
                 A         B        C        D         E       F
            +---------+---------+-------+---------+---------+-------
      Total |     396 |      35 |   8.1 |      67 |       1 |   1.5
            +---------+---------+-------+---------+---------+-------
        D:1 |      38 |       0 |   0.0 |      23 |       0 |   0.0
        D:2 |     153 |      35 |  18.6 |      28 |       1 |   3.4
        D:3 |      67 |       0 |   0.0 |      13 |       0 |   0.0
        D:7 |     138 |       0 |   0.0 |       3 |       0 |   0.0
            +---------+---------+-------+---------+---------+-------
